 Dungeon Crawl Stone Soup version 0.27.1-33-g824d729ab1 (webtiles) character file.

Game seed: 9940616788760325445

119 pkoi the Ruffian (level 4, -2/36 HPs)
             Began as a Draconian Warper on Dec 13, 2021.
             Killed by nerve-wracking pain
             ... invoked by an orc priest
              (12 damage)
             ... on level 2 of the Dungeon.
             The game lasted 00:01:59 (2619 turns).

pkoi the Ruffian (Draconian Warper)                 Turns: 2619, Time: 00:02:00

Health: -2/36      AC:  7    Str: 13    XL:     4   Next: 74%
Magic:  7/7        EV: 12    Int: 14    God:
Gold:   63         SH:  0    Dex: 11    Spells: 2/7 levels left

rFire    . . .     SeeInvis .   g - +2 hand axe (elec)
rCold    . . .     Faith    .   (no shield)
rNeg     . . .     Spirit   .   (armour unavailable)
rPois    .         Reflect  .   (helmet restricted)
rElec    .         Harm     .   (no cloak)
rCorr    .         Rampage  .   k - +0 pair of gloves
Will     .....                  f - +0 pair of boots
Stlth    +.........             (no amulet)
HPRegen  0.12/turn              (no ring)
MPRegen  0.10/turn              (no ring)

@: no status effects
A: AC +5, unfitting armour, cold-blooded
a: no special abilities


You were on level 2 of the Dungeon.
You visited 1 branch of the dungeon, and saw 3 of its levels.

You collected 63 gold pieces.

Inventory:

Hand Weapons
 c - a +0 whip of freezing
 g - a +2 hand axe of electrocution (weapon)
Missiles
 b - 5 boomerangs of dispersal (quivered)
 m - 13 poisoned darts
Armour
 f - a +0 pair of boots (worn)
 k - a +0 pair of gloves (worn)
Scrolls
 a - 2 scrolls of blinking
 o - a scroll of identify
 q - a scroll of teleportation {unknown}
Potions
 d - a potion of magic
 e - a potion of brilliance
 h - 2 potions of lignification {unknown}
 l - a potion of curing {unknown}
 n - 2 potions of attraction {unknown}
 p - a potion of invisibility {unknown}


   Skills:
 - Level 2.1 Fighting
 - Level 0.8 Throwing
 - Level 2.1 Dodging
 * Level 4.6 Unarmed Combat
 - Level 2.0 Spellcasting
 + Level 3.5 Translocations


You had 2 spell levels left.
You knew the following spells:

 Your Spells              Type           Power      Damage    Failure   Level
a - Blink                 Tloc           N/A        N/A       9%          2
b - Gell's Gravitas       Tloc           5%         N/A       17%         3

Your spell library contained the following spells:

 Spells                   Type           Power      Damage    Failure   Level
 Lesser Beckoning         Tloc           5%         N/A       17%         3
 Teleport Other           Tloc           11%        N/A       17%         3
 Manifold Assault         Tloc           11%        N/A       83%         5


Dungeon Overview and Level Annotations

Branches:
Dungeon (3/15)

Altars:

Shops:
D:2 [

Annotations:
D:3 1 runed translucent door, jlumianski's ghost, weakling GrMo


Innate Abilities, Weirdness & Mutations

Your plain brown scales are hard. (AC +5)
You cannot fit into any form of body armour.
You are cold-blooded and may be slowed by cold attacks.


Message History

It is a scroll of brand weapon.
Your +0 whip is covered with a thin layer of ice!
c - a +0 whip of freezing You swap places.
You swap places.
a - 2 scrolls of blinking (gained 1)
Found an escape hatch in the ceiling.
Your jackal dissolves into shadows! x2
An orc priest comes into view. It is wielding a +0 flail.
The orc priest shouts!
You hear a shout!
The orc priest mumbles some strange prayers to Beogh against you.
Beogh smites you!
An orc priest is nearby!
An orc priest is nearby!
An orc priest is nearby!
Found an escape hatch in the floor.
An orc wizard comes into view. It is wielding a +0 dagger.
An orc comes into view. It is wielding a +0 hand axe.
Found a stone staircase leading down.
The orc priest casts a cantrip, but nothing happens.
The orc priest mumbles some strange prayers to Beogh against you.
Beogh smites you!
* * * LOW HITPOINT WARNING * * *
There is an escape hatch in the ceiling here.
The orc priest closely misses your jackal.
A mysterious force pulls you upwards. The hatch slams shut behind you.
Your summoned ally is left behind.
Unknown command.
Unknown command.
You hit the orc priest but do no damage.
The orc priest barely misses you. The orc priest misses you.
You closely miss the orc priest.
The orc priest hits you with a +0 flail.
* * * LOW HITPOINT WARNING * * *
You hit the orc priest.
Lightning courses through the orc priest!
The orc priest is almost dead.
The orc priest calls down the wrath of Beogh upon you.
Pain shoots through your body!
You die...

# #.##### #.# #.# ###.≈.. # #.#
#.# #.#######.'#### # #.#
#.###.........#.≈.. # #.#
#.##..........#.≈.. # #.#
#..#.##########.... # #.# ##.#.#
#.... # #.#### #.#.# ######## #
#....# #.#.# #......) ####.#
#@#.# ### #.###### #.#
#o#.###.###.##### #.#
#.#.............# #.#
#.###.......###.# #.# #.#
##...#### #.# #.#######.# ##.##
#.#
########.#.......#####.#######.#
.........#.#####......).<......#
...#######.# #.#####.#########


You could see an orc priest.

Vanquished Creatures
  6 adders
  2 worms
  2 dart slugs
  5 orcs (D:3)
  2 endoplasms
  5 giant cockroaches
  2 goblins (D:1)
  3 hobgoblins
  2 jackals (D:1)
  A quokka (D:1)
  5 ball pythons
  4 bats
  2 frilled lizards (D:1)
  8 kobolds
  4 rats
53 creatures vanquished.

Notes
Turn   | Place    | Note
-------+----------+-------------------------------------------
     0 | D:1      | pkoi the Draconian Warper began the quest for the Orb.
     0 | D:1      | Reached XP level 1. HP: 17/17 MP: 3/3
   315 | D:1      | Reached XP level 2. HP: 22/24 MP: 5/5
   442 | D:1      | Learned a level 2 spell: Blink
   578 | D:1      | Reached skill level 3 in Unarmed Combat
  1312 | D:2      | Reached XP level 3. HP: 25/29 MP: 6/6
  1401 | D:2      | Learned a level 3 spell: Gell's Gravitas
  1635 | D:2      | Reached skill level 4 in Unarmed Combat
  1665 | D:2      | Found Xuiwuxt's Armour Shoppe.
  2068 | D:2      | Found a faded altar of an unknown god.
  2079 | D:2      | Reached XP level 4. HP: 26/36 MP: 7/7
  2440 | D:3      | Noticed jlumianski's ghost (weakling GrMo)
  2443 | D:3      | Found a runed translucent door.
  2619 | D:2      | Killed from afar by an orc priest

Illustrated notes

Levels and vault maps discovered:
D:1:      lordsloth_arrival_two_stooges, layout_rooms
D:2:      layout_loops_ring, serial_shops, shop,
          shapermc_ecumenical_altar_notcrosses, serial_rivers,
          chequers_serial_rivers_micro_e, chequers_serial_rivers_large_a,
          chequers_serial_rivers_micro_e, chequers_serial_rivers_micro_e,
          chequers_serial_rivers_large_b
D:3:      layout_loops_ring, hellmonk_ghost_happy_afterlife,
          kennysheep_generic_room_10, uniq_natasha, uniq_ijyb

Skill      XL: |  1  2  3 |
---------------+----------+-----
Unarmed Combat | 3 4 |  4.6
Fighting       | |  2.1
Throwing       | |  0.8
Dodging        | |  2.1
Spellcasting   | |  2.0
Translocations | |  3.5

Action                   |  1- 3 |  4- 6 || total
-------------------------+-------+-------++-------
Melee: Unarmed           |    12 |       ||    12
       Whip              |    58 |       ||    58
       Tailslap          |     8 |     3 ||    11
       Hand axe          |    35 |    40 ||    75
       Punch             |     1 |       ||     1
  Use: Scroll            |     1 |     2 ||     3
       Potion            |     1 |       ||     1
 Stab: Sleeping          |     1 |       ||     1
Armor: Skin              |    35 |    15 ||    50
Dodge: Dodged            |    56 |    31 ||    87
